 Dungeon Sprint DCSS version 0.28-a0-425-gd0eccab798 (webtiles) character file.

Game seed: 9193568003805445713

8 blipblop the Skirmisher (level 2, -2/28 HPs)
             Began as a Hill Orc Fighter on Sept 9, 2021.
             Slain by a black bear (6 damage)
             ... in the Dungeon (Sprint IX: "|||||||||||||||||||||||||||||").
             The game lasted 00:00:23 (39 turns).

blipblop the Skirmisher (Hill Orc Fighter)            Turns: 39, Time: 00:00:24

Health: -2/28      AC:  7    Str: 18    XL:     2   Next: 8%
Magic:  2/2        EV:  9    Int:  8    God:
Gold:   0          SH:  4    Dex: 10    Spells: 1/1 levels left

rFire   . . .      SeeInvis .   a - +0 war axe
rCold   . . .      Faith    .   c - +0 buckler
rNeg    . . .      Spirit   .   b - +0 scale mail
rPois   .          Reflect  .   (no helmet)
rElec   .          Harm     .   (no cloak)
rCorr   .          Rampage  .   (no gloves)
Will    .....      NoTele   +   (no boots)
Stlth   ..........              (no amulet)
HPRegen 0.09/turn               (no ring)
MPRegen 0.08/turn               (no ring)

@: mighty
A: no striking features
a: no special abilities


You were in the Dungeon.
You visited 1 branch

Inventory:

Hand Weapons
 a - a +0 war axe (weapon)
Armour
 b - a +0 scale mail (worn)
 c - a +0 buckler (worn)
Scrolls
 j - a scroll of blinking
Potions
 e - a potion of curing
 g - a potion of haste
 h - 2 potions of magic
 i - a potion of berserk rage


   Skills:
 * Level 4.3 Fighting
 + Level 2.9(3.1) Axes
 * Level 1.1(1.9) Maces & Flails
 * Level 3.9 Armour
 * Level 0.6 Dodging
 * Level 3.9 Shields


You had one spell level left.
You didn't know any spells.
Your spell library was empty.

Dungeon Overview and Level Annotations

Branches:
Dungeon (1/1)

Altars:


Message History

The black bear is severely wounded.
The black bear goes berserk!
The black bear bites you! The black bear claws you.
The black bear barely misses you.
You hit the black bear but do no damage.
The black bear is severely wounded.
The black bear barely misses you. x2; The black bear claws you.
The black bear bites you. You block the black bear's attack.
The black bear claws you.
* * * LOW HITPOINT WARNING * * *
Your shield and scale mail prevent you from hitting the black bear.
The black bear is severely wounded.
You block the black bear's attack. The black bear claws you.
* * * LOW HITPOINT WARNING * * *
The black bear closely misses you. You block the black bear's attack.
The black bear claws you but does no damage.
The black bear barely misses you.
You feel much better.
The sky beast flickers out of sight!
Deactivating autopickup; reactivate with Ctrl-A.
The black bear bites you but does no damage.
The black bear claws you but does no damage.
The black bear closely misses you.
You hit the black bear.
The black bear is almost dead.
The black bear bites you but does no damage.
You block the black bear's attack. x2
The white imp grins evilly.
The black bear bites you! The black bear claws you. x2
You feel very mighty all of a sudden. The black bear barely misses you.
You block the black bear's attack.
The black bear claws you but does no damage.
The black bear barely misses you. You block the black bear's attack.
The black bear claws you but does no damage.
You barely miss the black bear.
The black bear is almost dead.
The black bear bites you but does no damage.
The black bear closely misses you. The black bear misses you.
The black bear bites you!
* * * LOW HITPOINT WARNING * * *
The black bear claws you.
You die...

▓.▓
▓.▓
▓.▓
▓†▓
▓†▓
▓.▓
▓.▓
▓.▓
▓@▓
▓h▓
▓{▓
▓5▓
▓w▓
▓h▓
▓.▓
▓+▓


You could see a black bear (berserk), a worm, a hound and a white imp.

Vanquished Creatures
  A dart slug (D)
  A ball python (D)
  A bat (D)
  An endoplasm (D)
  A hobgoblin (D)
5 creatures vanquished.

Notes
Turn   | Place    | Note
-------+----------+-------------------------------------------
     0 | D        | blipblop the Hill Orc Fighter began the quest for the Orb.
     0 | D        | Reached XP level 1. HP: 19/19 MP: 1/1
     7 | D        | Reached skill level 4 in Fighting
     8 | D        | Reached skill level 1 in Maces & Flails
     9 | D        | Reached XP level 2. HP: 27/27 MP: 2/2
    26 | D        | Noticed a black bear
    26 | D        | Noticed a sky beast
    39 | D        | Slain by a black bear

Illustrated notes

Levels and vault maps discovered:
D:        linesprint [early_d, line_temple, items_1, d_10, items_2, lair_1,
          lair_end, items_3, orc_1, orc_end, items_4, d_15, swamp_1, shoals_1,
          snake_1, spider_1, d_20, vaults_1, items_5, swamp_end, shoals_end,
          snake_end, spider_end, vaults_end, d_27, items_6, zot_1, zot_end,
          crypt_end, forest_end, elf_end, slime_end, tomb_end, abyss_end,
          pan_hell_end]

Skill      XL: |  1 |
---------------+----+-----
Fighting       | 4 |  4.3
Maces & Flails | 1 |  1.1
Axes           | |  2.9
Armour         | |  3.9
Dodging        | |  0.6
Shields        | |  3.9

Action                   || total
-------------------------++-------
Melee: War axe           ||    18
  Use: Potion            ||     2
Armor: Scale mail        ||    20
Dodge: Dodged            ||    20
Block: Buckler           ||     8

Table legend: (Time is in decaauts)
 A = Elapsed time spent in this place.
 B = Non-inter-level travel time spent in this place.
 C = Inter-level travel time spent in this place.
 D = Time resting spent in this place.
 E = Time spent auto-exploring this place.
 F = Levels seen in this place.
 G = Mean time per level.
                   A        B        C        D        E       F      G
               +--------+--------+--------+--------+--------+-----+--------+
         Total |     45 |     45 |      0 |      0 |     17 |   1 |   45.0 |
       Dungeon |     45 |     45 |      0 |      0 |     17 |   1 |   45.0 |
               +--------+--------+--------+--------+--------+-----+--------+

Top non-repeatable levels by time:
       D: 45 daAuts
